 Dungeon Crawl Stone Soup version 0.18.1-5-g4a78601 (webtiles) character file.

6377 inmateoo the Carver (level 10, -4/82 HPs)
             Began as a Mummy Fighter on May 9, 2016.
             Was a High Priest of Okawaru.
             Killed from afar by a battlesphere (6 damage)
             ... created by varam's ghost
             ... on level 10 of the Dungeon.
             The game lasted 00:11:32 (9576 turns).

inmateoo the Carver (Mummy Fighter)                 Turns: 9576, Time: 00:11:33

Health: -4/82      AC: 21    Str: 31    XL:     10   Next: 65%
Magic:  13/13      EV:  8    Int:  6    God:    Okawaru [*****.]
Gold:   334        SH: 11    Dex: 11    Spells: 0 memorised, 9 levels left

rFire  x . .     SeeInvis .     p - +5 rapier of Circularity {freeze, rElec Str+5 Int-2}
rCold  + + .     Gourm    .     x - +7 Kryia's mail coat {DeviceHeal*2 rC+}
rNeg   + + +     Faith    .     c - +0 shield
rPois  ∞         Spirit   .     y - +0 helmet
rElec  +         Dismiss  .     (no cloak)
rCorr  +         Reflect  .     b - +1 pair of gloves {Str+3}
SustAt .         Harm     .     g - +2 pair of boots
MR     +....                    (no amulet)
Stlth  ..........               (no ring)
                                m - ring of resist corrosion

@: somewhat resistant to hostile enchantments, extremely unstealthy
A: no food or potions, fire vulnerability, cold resistance 1, negative energy
resistance 3, torment resistance, unbreathing
a: Heroism, Finesse, Renounce Religion


You were on level 10 of the Dungeon.
You worshipped Okawaru.
Okawaru was extremely pleased with you.
You were not hungry.

You visited 2 branches of the dungeon, and saw 11 of its levels.

You collected 469 gold pieces.
You spent 135 gold pieces at shops.

Inventory:

Hand Weapons
 n - a +2 scimitar of slicing
 p - the +5 rapier of Circularity (weapon) {freeze, rElec Str+5 Int-2}
   (You took it off an orc on level 5 of the Dungeon)

   It has been specially enchanted to freeze those struck by it, causing extra
   injury to most foes and up to half again as much damage against particularly
   susceptible opponents.
   It can also slow down cold-blooded creatures.
   It affects your strength (+5).
   It affects your intelligence (-2).
   It insulates you from electricity.
Armour
 b - a +1 pair of gloves of strength (worn)
 c - a +0 shield (worn)
 g - a +2 pair of boots (worn)
 x - the +7 Kryia's mail coat (worn) {DeviceHeal*2 rC+}
   (You found it on level 9 of the Dungeon)

   It protects you from cold.
 y - a +0 helmet (worn)
Jewellery
 m - a ring of resist corrosion (left hand)
 r - an uncursed ring of ice
Wands
 l - a wand of confusion (20/48)
 o - a wand of paralysis (3/24)
 t - a wand of enslavement (9/24)
 u - a wand of disintegration (9/24)
 v - a wand of flame (5/48)
 w - a wand of slowing (22/48)
Scrolls
 e - 4 scrolls of remove curse
 f - 11 scrolls of identify
 i - a scroll of recharging
Books
 a - a book of the Sky

   Spells                             Type                      Level
   a - Summon Lightning Spire         Summoning/Air                4
   b - Airstrike                      Air                          4
   c - Silence                        Hexes/Air                    5
   d - Deflect Missiles               Charms/Air                   6
   e - Conjure Ball Lightning         Conjuration/Air              6
   f - Tornado                        Air                          9
 d - a book of Maledictions

   Spells                             Type                      Level
   a - Corona                         Hexes                        1
   b - Ensorcelled Hibernation        Hexes/Ice                    2
   c - Confuse                        Hexes                        3
   d - Tukima's Dance                 Hexes                        3
   e - Dazzling Spray                 Conjuration/Hexes            3
 h - a book of Unlife

   Spells                             Type                      Level
   a - Recall                         Summoning/Translocation      3
   b - Animate Dead                   Necromancy                   4
   c - Control Undead                 Necromancy                   4
   d - Cigotuvi's Embrace             Necromancy                   5
   e - Death Channel                  Necromancy                   6
   f - Simulacrum                     Ice/Necromancy               6
 q - a Young Poisoner's Handbook

   Spells                             Type                      Level
   a - Sting                          Conjuration/Poison           1
   b - Cure Poison                    Poison                       2
   c - Mephitic Cloud                 Conjuration/Poison/Air       3
   d - Olgreb's Toxic Radiance        Poison                       4
   e - Venom Bolt                     Conjuration/Poison           5


   Skills:
 + Level 8.4 Fighting
 * Level 9.5 Long Blades
 + Level 5.0 Armour
 + Level 5.2 Shields
 + Level 4.0 Invocations


You had 9 spell levels left.
You didn't know any spells.

Dungeon Overview and Level Annotations

Branches:
Dungeon (10/15)            Temple (1/1) D:4
   Lair: D:8-11         Orc: D:9-12

Altars:
Ashenzari
Cheibriados
Dithmenos
Elyvilon
Fedhas
Kikubaaqudgha
Makhleb
Nemelex Xobeh
Okawaru
Pakellas
Qazlal
Ru
Trog
Vehumet
Xom
Yredelemnul
Zin
The Shining One
Beogh

Shops:
D:9 [

Annotations:
D:10 varam's ghost, journeyman DECj


Innate Abilities, Weirdness & Mutations

You do not eat or drink.
Your flesh is vulnerable to fire.
You are immune to poison.
Your flesh is cold resistant.
You are immune to negative energy.
You are immune to unholy pain and torment.
You can survive without breathing.


Message History

Varam's ghost casts a spell at you. The orb of energy hits you!
The orb of energy explodes!
Unknown command.
Varam's ghost threatens, "Do not fail me, O fires of Iskenderun!"
Unknown command.
Varam's ghost gestures at you while chanting.
The spray of energy hits you!
The battlesphere fires!
The barrage of energy hits you! Varam's ghost casts a spell at you.
The orb of energy hits you!
* * * LOW HITPOINT WARNING * * *
The orb of energy explodes!
The battlesphere fires!
The barrage of energy hits you!
* * * LOW HITPOINT WARNING * * *
Varam's ghost gestures at you while chanting.
The orb of energy hits you!
* * * LOW HITPOINT WARNING * * *
The orb of energy explodes!
The battlesphere fires!
The barrage of energy hits you!
You die...

##### ##..........#...#..
#%%%###†.....[....#...#..
#%§(#..#....<..)..#'###..
#÷÷.)###.................
########.................
#....#######....... .......
##...#.....#....... .......
#...#.....#.###### .......
#@..#.....#)#..... .......
#...#.....'%#..... .......
#...#+#####.#.....
.......######..*........#'####
............W.............<[..
..................##########..
..................# #..
........########### #..
##......# #..


You could see a battlesphere and varam's ghost.

Vanquished Creatures
  A hill giant (D:10)
  The ghost of Mefis the Magician, a novice DEWz (D:7)
  2 trolls (D:9)
  Grinder (D:6)
  A wraith (D:10)
  6 yaks (D:9)
  A hungry ghost (D:9)
  A steam dragon (D:9)
  A hippogriff (D:9)
  Menkaure (D:5)
  4 orc warriors
  2 phantoms (D:6)
  2 centaurs
  5 ogres
  2 giant frogs
  A water moccasin skeleton (D:9)
  3 scorpions
  11 killer bees (D:10)
  3 wights (D:9)
  A howler monkey (D:5)
  4 crimson imps
  3 hounds
  2 jellies
  6 orc priests
  Terence (D:2)
  11 orc wizards
  2 iguanas (D:6)
  5 worker ants
  A hound zombie (D:5)
  2 worker ant zombies (D:9)
  7 gnolls
  11 adders
  A shadow imp (D:5)
  An ooze (D:5)
  An adder skeleton (D:5)
  An adder zombie (D:6)
  A worm (D:3)
  8 giant geckos
  45 orcs
  8 giant cockroaches
  9 hobgoblins
  6 kobolds
  8 quokkas
  A ball python (D:4)
  5 bats
  5 giant newts
  4 goblins
  3 quokka skeletons
  6 rats
218 creatures vanquished.

Vanquished Creatures (others)
  An adder (D:10)
  5 plants (D:10)
6 creatures vanquished.

Grand Total: 224 creatures vanquished

Notes
Turn   | Place    | Note
--------------------------------------------------------------
     0 | D:1      | inmateoo the Mummy Fighter began the quest for the Orb.
     0 | D:1      | Reached XP level 1. HP: 18/18 MP: 1/1
   227 | D:1      | Found a shattered altar of Ashenzari.
   287 | D:1      | Reached XP level 2. HP: 21/24 MP: 2/2
   773 | D:2      | Reached skill level 2 in Long Blades
   847 | D:2      | Reached XP level 3. HP: 19/29 MP: 3/3
  1346 | D:2      | Found a shadowy altar of Dithmenos.
  1636 | D:3      | Noticed Terence
  1660 | D:2      | Killed Terence
  1660 | D:2      | Reached XP level 4. HP: 35/35 MP: 4/4
  1927 | D:2      | Reached XP level 5. HP: 3/42 MP: 5/5
  2508 | D:3      | Reached skill level 3 in Long Blades
  2960 | D:4      | Reached XP level 6. HP: 36/48 MP: 6/6
  3014 | D:4      | Found a staircase to the Ecumenical Temple.
  3056 | Temple   | Entered the Ecumenical Temple
  3161 | Temple   | Became a worshipper of Warmaster Okawaru
  3363 | D:4      | Reached skill level 4 in Long Blades
  3428 | D:4      | Found an oddly glowing altar of Pakellas.
  3433 | D:4      | Found a basalt altar of Yredelemnul.
  3655 | D:5      | Entered Level 5 of the Dungeon
  3838 | D:5      | Reached XP level 7. HP: 52/55 MP: 7/7
  3878 | D:5      | Found a runed door.
  3986 | D:5      | Reached skill level 5 in Fighting
  3989 | D:5      | Reached * piety under Okawaru
  4009 | D:5      | Reached skill level 5 in Long Blades
  4125 | D:5      | Noticed Menkaure
  4140 | D:5      | Killed Menkaure
  4669 | D:5      | Reached skill level 6 in Long Blades
  4669 | D:5      | Reached XP level 8. HP: 30/64 MP: 8/8
  4797 | D:5      | Reached ** piety under Okawaru
  4976 | D:5      | Got a shimmering rapier {freeze}
  4977 | D:5      | Identified the +5 rapier of Circularity {freeze, rElec Str+5 Int-2} (You took it off an orc on level 5 of the Dungeon)
  5052 | D:5      | Found a roughly hewn altar of Beogh.
  5327 | D:6      | Reached skill level 7 in Long Blades
  5712 | D:6      | Found a glowing golden altar of the Shining One.
  5712 | D:6      | Noticed Grinder
  5824 | D:6      | Killed Grinder
  5824 | D:6      | Reached *** piety under Okawaru
  5824 | D:6      | Reached XP level 9. HP: 66/72 MP: 9/9
  6150 | D:7      | Noticed Mefis's ghost (novice DEWz)
  6162 | D:7      | Killed Mefis's ghost
  6162 | D:7      | Reached skill level 8 in Long Blades
  6162 | D:7      | Reached skill level 1 in Invocations
  6413 | D:7      | Got a polished leather armour
  6424 | D:7      | Identified the +1 leather armour of Hide-and-Seek {rN+ rCorr Dex+2} (You found it on level 7 of the Dungeon)
  6465 | D:7      | Found a shadowy altar of Dithmenos.
  6823 | D:7      | Found a snail-covered altar of Cheibriados.
  6824 | D:7      | Found a sparkling altar of Nemelex Xobeh.
  6824 | D:7      | Found a radiant altar of Vehumet.
  6824 | D:7      | Found a shattered altar of Ashenzari.
  6833 | D:7      | Found a glowing silver altar of Zin.
  6837 | D:7      | Found a burning altar of Makhleb.
  7261 | D:8      | Found an ancient bone altar of Kikubaaqudgha.
  7553 | D:9      | Noticed a troll
  7568 | D:9      | Killed a troll
  7620 | D:9      | Reached **** piety under Okawaru
  7888 | D:9      | Reached XP level 10. HP: 66/80 MP: 10/12
  7963 | D:9      | Reached skill level 9 in Long Blades
  8477 | D:9      | Found a shimmering altar of Xom.
  8534 | D:9      | Found Tattiukk's Antique Armour Boutique.
  8537 | D:9      | Bought a pair of runed gloves for 135 gold pieces
  8851 | D:10     | Entered Level 10 of the Dungeon
  8861 | D:10     | Noticed varam's ghost (journeyman DECj)
  9133 | D:10     | Noticed a hill giant
  9145 | D:10     | Killed a hill giant
  9145 | D:10     | Reached ***** piety under Okawaru
  9145 | D:10     | Received a gift from Okawaru
  9145 | D:10     | Reached skill level 5 in Shields
  9452 | D:10     | Reached skill level 5 in Armour
  9576 | D:10     | HP: 2/82 [varam's ghost/orb of energy (4)]
  9576 | D:10     | Killed from afar by a battlesphere

Skill      XL: |  1  2  3  4  5  6  7  8  9 10 |
---------------+-------------------------------+-----
Long Blades    | 2 3 4 6 7 8 9 |  9.5
Shields        | 3 4 5 |  5.2
Armour         | 3 4 5 |  5.0
Fighting       | 4 5 7 8 |  8.4
Invocations    | 2 4 |  4.0

Action                   |  1- 3 |  4- 6 |  7- 9 | 10-12 || total
-------------------------+-------+-------+-------+-------++-------
Melee: Long sword        |   164 |   288 |   148 |       ||   600
       Rapier            |       |       |   184 |   231 ||   415
       Scimitar          |       |       |    36 |       ||    36
Evoke: Wand              |       |       |     2 |     8 ||    10
  Use: Scroll            |       |     9 |     6 |     3 ||    18
 Stab: Confused          |       |       |       |     1 ||     1
Armor: Scale mail        |    77 |   180 |   113 |   142 ||   512
Dodge: Dodged            |    69 |   110 |    76 |    85 ||   340
Block: Shield            |    91 |   167 |   113 |   155 ||   526
